 Dungeon Crawl Stone Soup version 0.16-a0-262-g6fc725f (webtiles) character file.

39889 MRaven the Severer (level 14, -2/127 HPs)
             Began as a Hill Orc Fighter on Aug 25, 2014.
             Was an Elder of the Shining One.
             Slain by a dire elephant (25 damage)
             ... on Level 6 of the Lair of Beasts.
             The game lasted 01:31:51 (24064 turns).

MRaven the Severer (Hill Orc Fighter)              Turns: 24064, Time: 01:31:51

HP  -2/127       AC 29     Str 28      XL: 14   Next:  8%
MP  27/27        EV  4     Int  8      God: the Shining One [****..]
Gold 478         SH 18     Dex 10      Spells:  0 memorised, 13 levels left

rFire  . . .     SeeInvis .     O - +0 broad axe
rCold  . . .     Clarity  .     c - +1 plate armour of Philahote {MR+ Str+4}
rNeg   + + .     rCorr    .     N - +0 large shield
rPois  .         rRot     .     k - +2 helmet
rElec  .         Spirit   .     m - +0 cloak
SustAb .         Warding  .     I - +2 pair of gloves
rMut   .         Stasis   .     r - +1 pair of boots
Gourm  +                        Q - amulet of the gourmand
MR     +++..                    s - ring of protection from magic
                                u - +3 ring of protection

@: about to teleport, glowing, extremely resistant to hostile enchantments,
extremely unstealthy
A: no striking features
a: Divine Shield, Cleansing Flame, Renounce Religion


You were on level 6 of the Lair of Beasts.
You worshipped the Shining One.
The Shining One was greatly pleased with you.
You were very full.

You visited 3 branches of the dungeon, and saw 20 of its levels.
You also visited: Sewer.

You collected 1321 gold pieces.
You spent 843 gold pieces at shops.

Inventory:

Hand weapons
 C - a +1 hand axe of chopping
 O - a +0 broad axe (weapon)
Armour
 c - the +1 plate armour of Philahote (worn) {MR+ Str+4}
   (You bought it in a shop on level 12 of the Dungeon)

   It affects your strength (+4).
   It affects your resistance to hostile enchantments.
 k - a +2 helmet (worn)
 m - a +0 cloak (worn)
 r - a +1 pair of boots (worn)
 I - a +2 pair of gloves (worn)
 N - a +0 large shield (worn)
Magical devices
 a - a wand of cold (8)
 f - a wand of disintegration (5)
 q - a wand of fire (3)
 t - a wand of teleportation (4)
 y - a wand of digging (3)
 E - a wand of polymorph (9)
 J - a wand of disintegration (3)
 M - a wand of lightning (2)
 U - a wand of digging (15)
 X - a wand of fireball (1)
Comestibles
 d - 14 meat rations
 h - 15 bread rations
 l - 3 fruits
 z - a slice of pizza
 R - 4 beef jerkies
 W - 2 rotting chunks of crocodile flesh
Scrolls
 b - 2 scrolls of blinking
 e - 2 scrolls of fog
 g - 5 scrolls of teleportation
 i - 4 scrolls of enchant armour
 o - 2 scrolls of identify
 p - 10 scrolls of remove curse
 v - 3 scrolls of recharging
 w - 4 scrolls of enchant weapon
 x - a scroll of summoning {unknown}
 F - 3 scrolls of magic mapping
 G - 3 scrolls of amnesia
 H - 2 scrolls of silence
 P - 2 scrolls of fear
 T - 3 scrolls of vulnerability
Jewellery
 s - a ring of protection from magic (right hand)
 u - a +3 ring of protection (left hand)
 B - an uncursed amulet of resist mutation
 K - an uncursed ring of protection from magic
 Q - an amulet of the gourmand (around neck)
Potions
 j - 2 potions of cancellation
 n - 2 potions of curing
 A - a potion of brilliance
 D - 2 potions of flight
 S - a potion of restore abilities
 V - a potion of magic


   Skills:
 * Level 12.8 Fighting
 - Level 17.2 Axes
 + Level 10.4 Armour
 + Level 10.1 Shields
 + Level 7.3 Invocations
 - Level 10.2 Evocations


You had 13 spell levels left.
You didn't know any spells.

Dungeon Overview and Level Annotations

Branches:
Dungeon (13/15)            Temple (1/1) D:4             Orc (0/4) D:12
   Lair (6/8) D:9           Swamp (0/5) Lair:4        Snake (0/5) Lair:4
  Slime (0/6) Lair:6
 Vaults: D:13-14

Altars:
Ashenzari
Dithmenos
Elyvilon
Fedhas
Kikubaaqudgha
Makhleb
Nemelex Xobeh
Okawaru
Sif Muna
Vehumet
Xom
Yredelemnul
Zin
The Shining One

Shops:
D:10 }=(?   D:12 ?[(==


Message History

You hit the dire elephant but do no damage.
The dire elephant is heavily wounded.
You block the dire elephant's attack.
The dire elephant trunk-slaps you but does no damage.
You hit the dire elephant.
The dire elephant is heavily wounded.
The dire elephant tramples you!!
* * * LOW HITPOINT WARNING * * *
You stumble backwards!
Read which item? (? for menu, Esc to quit)
As you read the scroll of teleportation, it crumbles to dust.
You feel strangely unstable. You block the dire elephant's attack.
The dire elephant trunk-slaps you!
* * * LOW HITPOINT WARNING * * *
You carve the dire elephant like a ham!!!
The dire elephant is almost dead.
You hit the dire elephant but do no damage.
The dire elephant is almost dead.
The dire elephant tramples you!!
You die...

#################
#).≈≈≈≈≈≈≈##≈≈≈≈##
#@Y.≈≈#≈%##≈≈≈≈≈≈# ###
#?..≈##≈≈#≈≈≈##≈≈≈ ### ##.#
#?.≈≈###≈≈≈≈####≈≈ ##.# #..♣♣
###### ###### ### ##..## #...♣
#....### ##..♣ #♣♣###♣♣#######
.......###...♣ ♣♣♣.≈≈≈≈≈♣♣≈≈♣≈≈≈
#.....P##....♣ ♣♣...≈≈≈≈≈≈≈≈≈≈≈≈≈
.........#...♣♣♣...≈≈≈≈≈≈≈≈≈≈≈≈≈≈


You could see a dire elephant.

Vanquished Creatures
  Rupert (Lair:4)
  2 hydras
  Erica (Lair:5)
  A catoblepas (Lair:6)
  4 skeletal warriors (D:12)
  Pikel (D:4)
  2 hill giants
  2 griffons
  The ghost of Poody the Spear-Bearer, an experienced MfGl (D:6)
  8 elephants
  4 oklob plants (Lair:3)
  6 black mambas
  Joseph (Lair:1)
  3 molten gargoyles (D:13)
  7 spiny frogs
  5 komodo dragons
  Grinder (D:4)
  A polar bear (Lair:5)
  A troll (D:10)
  A two-headed ogre (D:10)
  13 blink frogs
  A boulder beetle (Lair:5)
  A basilisk (Lair:4)
  A wyvern (D:11)
  10 hippogriffs
  Eustachio (D:9)
  19 yaks
  4 vampire mosquitoes (D:12)
  9 wolves (Lair:4)
  2 wargs (D:12)
  19 water moccasins
  Edmund (D:8)
  A soldier ant (D:11)
  An ice beast (D:7)
  5 orc warriors
  A black bear (D:11)
  2 mottled dragons
  3 nagas (Lair:4)
  2 sky beasts
  8 porcupines
  A boring beetle (Lair:6)
  3 phantoms
  8 ogres
  6 crocodiles
  3 big kobolds
  8 centaurs
  A cyclops zombie (D:9)
  14 giant frogs
  13 killer bees
  An eye of draining (D:12)
  3 scorpions
  3 goliath beetles
  9 hounds
  2 orc priests
  2 electric eels (Lair:6)
  10 crimson imps
  2 jellies
  A quasit (D:10)
  8 iguanas
  5 worker ants
  2 giant frog skeletons
  3 orc wizards
  An elf skeleton (D:11)
  A sky beast zombie (D:8)
  2 big kobold zombies
  3 sheep
  A hound zombie (D:5)
  Terence (D:2)
  33 green rats
  17 adders
  8 gnolls
  A steam dragon zombie (D:10)
  A worm zombie (D:7)
  2 giant mites (D:4)
  5 shadow imps
  2 worms
  A white imp (D:9)
  3 giant geckos
  4 oozes
  25 orcs
  15 bats
  A bat zombie (D:6)
  9 goblins
  25 hobgoblins
  12 jackals
  23 kobolds
  16 quokkas
  7 giant cockroaches
  9 giant newts
  A giant spore (D:6)
  A gnoll zombie (D:6)
  A hobgoblin skeleton (D:6)
  A hobgoblin zombie (D:6)
  A jackal zombie (D:5)
  A kobold zombie (D:7)
  An orc skeleton (D:4)
  2 orc zombies
  32 rats
  2 rat zombies (D:6)
  13 ballistomycetes
  9 plants (Lair:5)
558 creatures vanquished.

Vanquished Creatures (others)
  A giant frog (D:6)
  An adder skeleton (D:4)
  An orc skeleton (D:4)
  A hobgoblin (D:4)
  2 kobolds
  A quokka (D:10)
  A giant spore (D:9)
  2 goblins
  A plant (Lair:5)
  14 toadstools (Lair:6)
25 creatures vanquished.

Grand Total: 583 creatures vanquished

Notes
Turn   | Place    | Note
--------------------------------------------------------------
     0 | D:1      | MRaven, the Hill Orc Fighter, began the quest for the Orb.
     0 | D:1      | Reached XP level 1. HP: 19/19 MP: 1/1
    91 | D:1      | Reached XP level 2. HP: 26/26 MP: 2/2
   221 | D:1      | Reached skill level 4 in Axes
   613 | D:1      | Reached XP level 3. HP: 29/31 MP: 3/3
   725 | D:2      | Reached skill level 5 in Axes
   734 | D:2      | Reached XP level 4. HP: 33/39 MP: 4/4
   848 | D:2      | Noticed Terence
   870 | D:2      | Killed Terence
   870 | D:2      | Reached skill level 6 in Axes
  1485 | D:2      | Reached XP level 5. HP: 45/45 MP: 5/5
  1945 | D:3      | Reached skill level 7 in Axes
  2447 | D:4      | Found a staircase to the Ecumenical Temple.
  2459 | D:4      | Noticed an ogre
  2467 | D:4      | Killed an ogre
  2467 | D:4      | Reached skill level 8 in Axes
  2467 | D:4      | Reached XP level 6. HP: 38/51 MP: 6/6
  2523 | Temple   | Entered the Ecumenical Temple
  2544 | Temple   | Became a worshipper of the Shining One
  2616 | D:4      | Noticed an ogre
  2622 | D:4      | Killed an ogre
  2622 | D:4      | Reached skill level 9 in Axes
  2746 | D:4      | Found a blossoming altar of Fedhas.
  2746 | D:4      | Noticed a centaur
  2761 | D:4      | Killed a centaur
  2761 | D:4      | Reached XP level 7. HP: 55/57 MP: 7/7
  2924 | D:4      | Found a sparkling altar of Nemelex Xobeh.
  2930 | D:4      | Noticed Grinder
  2941 | D:4      | Paralysed by Grinder for 5 turns
  2957 | D:4      | Killed Grinder
  2957 | D:4      | Reached skill level 10 in Axes
  3307 | D:4      | Noticed a slave
  3308 | D:4      | Noticed Pikel
  3308 | D:4      | Noticed a slave
  3308 | D:4      | Noticed a slave
  3309 | D:4      | Noticed a slave
  3318 | D:4      | Killed Pikel
  3318 | D:4      | Reached skill level 12 in Axes
  3318 | D:4      | Reached XP level 8. HP: 64/64 MP: 8/8
  3654 | D:5      | Entered Level 5 of the Dungeon
  3848 | D:5      | Found a shadowy altar of Dithmenos.
  3903 | D:5      | Reached skill level 13 in Axes
  4277 | D:5      | Reached skill level 14 in Axes
  4277 | D:5      | Reached XP level 9. HP: 55/70 MP: 9/9
  4704 | D:6      | Reached skill level 15 in Axes
  4782 | D:6      | Found a glowing drain.
  4802 | Sewer    | Entered a sewer
  4894 | Sewer    | Found a glowing silver altar of Zin.
  5053 | D:6      | Acquired the Shining One's first power
  5064 | D:6      | Noticed Poody's ghost (experienced MfGl)
  5093 | D:6      | Killed Poody's ghost
  5158 | D:6      | Reached skill level 16 in Axes
  6027 | D:7      | Reached XP level 10. HP: 77/77 MP: 10/10
  6066 | D:7      | Found a shimmering altar of Xom.
  6069 | D:7      | Found an iron altar of Okawaru.
  6072 | D:7      | Found a basalt altar of Yredelemnul.
  6075 | D:7      | Found a shattered altar of Ashenzari.
  6368 | D:7      | Reached skill level 17 in Axes
  7320 | D:8      | Reached skill level 1 in Evocations
  7379 | D:8      | Noticed Edmund
  7386 | D:8      | Killed Edmund
  7756 | D:8      | Found a deep blue altar of Sif Muna.
  7765 | D:8      | Found a glowing silver altar of Zin.
  8740 | D:9      | Found a radiant altar of Vehumet.
  8804 | D:9      | Noticed Eustachio
  8829 | D:9      | Killed Eustachio
  8849 | D:9      | Noticed an elephant
  8849 | D:9      | Acquired the Shining One's second power
  8850 | D:9      | Found a staircase to the Lair.
  8875 | D:9      | Killed an elephant
  8902 | D:9      | Reached skill level 5 in Fighting
  9277 | D:9      | Found a burning altar of Makhleb.
  9440 | D:9      | Noticed a blizzard demon
  9749 | D:10     | Entered Level 10 of the Dungeon
  9763 | D:10     | Found Doli's Gadget Emporium.
  9823 | D:10     | Found a white marble altar of Elyvilon.
  9827 | D:10     | Found Soatruom's Magic Scroll Boutique.
  9881 | D:10     | Reached skill level 5 in Evocations
  9905 | D:10     | Bought a scroll of fog for 28 gold pieces
  9905 | D:10     | Bought a scroll of teleportation for 42 gold pieces
  9905 | D:10     | Bought a scroll of teleportation for 42 gold pieces
  9985 | D:10     | Reached skill level 5 in Armour
 10203 | D:10     | Found Fesot's Weapon Emporium.
 10272 | D:10     | Reached skill level 5 in Shields
 10272 | D:10     | Reached XP level 11. HP: 88/88 MP: 19/19
 10457 | D:10     | Found Doluhun's Jewellery Emporium.
 11654 | D:12     | Found Patouvipp's Magic Scroll Boutique.
 11734 | D:12     | Bought a scroll of magic mapping for 45 gold pieces
 11739 | D:12     | Found a staircase to the Orcish Mines.
 11748 | D:12     | Noticed a skeletal warrior
 11824 | D:12     | Noticed a skeletal warrior
 12038 | D:12     | Noticed a skeletal warrior
 12048 | D:12     | Killed a skeletal warrior
 12059 | D:12     | Killed a skeletal warrior
 12095 | D:12     | Noticed a skeletal warrior
 12364 | D:12     | Killed a skeletal warrior
 12393 | D:12     | Killed a skeletal warrior
 12601 | D:12     | Found Blioloti's Jewellery Shoppe.
 12604 | D:12     | Found Klaicogg's Jewellery Emporium.
 12656 | D:12     | Found Criafag's Weapon Shop.
 12811 | D:12     | Found Ugim Tiu's Armour Shop.
 12819 | D:12     | Bought the +1 plate armour of Philahote {MR+ Str+4} for 686 gold pieces
 12851 | D:12     | Noticed an eight-headed hydra
 12861 | D:12     | Killed a nine-headed hydra
 13023 | D:12     | Reached XP level 12. HP: 88/101 MP: 24/24
 13246 | D:12     | Noticed a hill giant
 13265 | D:12     | Killed a hill giant
 14132 | Lair:1   | Entered Level 1 of the Lair of Beasts
 14698 | Lair:1   | Noticed Joseph
 14720 | Lair:1   | Killed Joseph
 14819 | Lair:1   | Reached skill level 10 in Evocations
 15673 | Lair:2   | Reached skill level 1 in Invocations
 16042 | Lair:3   | Gained mutation: You have sharp toenails. [potion of mutation]
 16042 | Lair:3   | Gained mutation: You are weak. (Str -2) [potion of mutation]
 16042 | Lair:3   | Gained mutation: You are very weak. (Str -4) [potion of mutation]
 16043 | Lair:3   | Lost mutation: You are very weak. (Str -4) [potion of cure mutation]
 16043 | Lair:3   | Lost mutation: You have sharp toenails. [potion of cure mutation]
 16043 | Lair:3   | Lost mutation: You are weak. (Str -2) [potion of cure mutation]
 17183 | Lair:3   | Reached skill level 10 in Fighting
 17404 | Lair:3   | Reached XP level 13. HP: 101/113 MP: 26/26
 17819 | Lair:4   | Found a staircase to the Swamp.
 18195 | Lair:4   | Noticed Rupert
 18673 | Lair:4   | Reached skill level 5 in Invocations
 18985 | Lair:4   | Killed Rupert
 19308 | Lair:4   | Acquired the Shining One's third power
 19310 | Lair:4   | Found a staircase to the Snake Pit.
 20551 | Lair:5   | Noticed Erica
 20567 | Lair:5   | Killed Erica
 20567 | Lair:5   | Reached skill level 10 in Armour
 22411 | Lair:6   | Noticed a dire elephant
 22434 | Lair:6   | HP: 3/119 [dire elephant (4)]
 23576 | Lair:6   | Reached skill level 10 in Shields
 23576 | Lair:6   | Reached XP level 14. HP: 122/127 MP: 27/27
 23749 | Lair:6   | Found a staircase to the Slime Pits.
 24064 | Lair:6   | Slain by a dire elephant

Action                   |  1- 3 |  4- 6 |  7- 9 | 10-12 | 13-15 || total
-------------------------+-------+-------+-------+-------+-------++-------
Melee: War axe           |    98 |   187 |   140 |       |       ||   425
       Hand axe          |       |       |   215 |  1111 |   677 ||  2003
       Broad axe         |       |       |       |       |   113 ||   113
Evoke: Wand              |       |     2 |       |    17 |    16 ||    35
  Use: Scroll            |       |    12 |     5 |    11 |     5 ||    33
       Potion            |       |     1 |     6 |    13 |     5 ||    25
 Stab: Invisible         |       |     1 |       |       |       ||     1
       Distracted        |       |       |       |     1 |     1 ||     2
       Petrified         |       |       |       |       |     1 ||     1
  Eat: Chunk             |       |     6 |     8 |    32 |    21 ||    67
       Pizza             |       |       |     2 |     2 |       ||     4
       Beef jerky        |       |       |       |     9 |       ||     9
